 Dungeon Crawl Stone Soup version 0.29.0-5-ge4962eb29e (console) character file.

Game seed: 6027516806457991559

6687 odiv the Demonic Cataclysm (level 10, -5/80 HPs)
             Began as a Demonspawn Wanderer on Aug 28, 2022.
             Was a High Priest of Qazlal.
             Slain by a cyclops (18 damage)
             ... on level 8 of the Dungeon.
             The game lasted 00:39:17 (11034 turns).

odiv the Demonic Cataclysm (Demonspawn Wanderer)   Turns: 11034, Time: 00:39:19

Health: -5/80      AC: 17    Str: 23    XL:     10   Next: 73%
Magic:  7/17       EV: 11    Int: 12    God:    Qazlal [*****.]
Gold:   495        SH:  6    Dex:  8    Spells: 10/14 levels left

rFire   . . .      SeeInvis .   y - +0 war axe
rCold   + + .      Faith    +   (no shield)
rNeg    . . .      Spirit   .   X - +2 leather armour {rC+}
rPois   .          Reflect  .   k - +0 helmet
rElec   .          Harm     .   J - +0 cloak
rCorr   .          Rampage  .   I - +2 pair of gloves
Will    .....                   P - +0 pair of boots
Stlth   +.........              s - amulet of faith
HPRegen 0.23/turn               Y - ring of wizardry
MPRegen 0.15/turn               j - ring of protection from cold

@: protected from physical damage, repel missiles
A: icy blue scales 2, demonic magic 2, demonic touch 1
a: Renounce Religion, Upheaval, Elemental Force, Disaster Area


You were on level 8 of the Dungeon.
You worshipped Qazlal.
Qazlal was extremely pleased with you.
You visited 1 branch of the dungeon, and saw 9 of its levels.
You also visited: Sewer.

You collected 565 gold pieces.
You spent 70 gold pieces at shops.

Inventory:

Hand Weapons
 a - a +2 hand axe
 b - a -1 dagger of venom
 t - a +0 trident
 y - a +0 war axe (weapon)
 E - a +2 dagger of freezing
 T - a +0 battleaxe
 V - a +2 dagger of speed
Missiles
 m - 5 curare-tipped darts
 A - a throwing net
 L - 5 boomerangs (quivered)
 M - 3 atropa-tipped darts
 N - 48 stones
 S - 5 javelins
 U - 12 poisoned darts
Armour
 k - a +0 helmet (worn)
 I - a +2 pair of gloves (worn)
 J - a +0 cloak (worn)
 K - a +2 robe of positive energy
 P - a +0 pair of boots (worn)
 X - a +2 leather armour of cold resistance (worn)
Magical Staves
 n - a staff of conjuration
Jewellery
 d - a ring of protection from fire
 j - a ring of protection from cold (right hand)
 s - an amulet of faith (around neck)
 G - an amulet of regeneration
 O - an amulet of magic regeneration
 Y - a ring of wizardry (left hand)
Wands
 h - a wand of polymorph (9)
 w - a wand of iceblast (22)
Scrolls
 c - 4 scrolls of teleportation
 e - a scroll of poison
 f - a scroll of fear
 o - 2 scrolls of butterflies {unknown}
 q - 2 scrolls of blinking
 r - 3 scrolls of enchant weapon
 v - a scroll of summoning
 B - 5 scrolls of amnesia
 H - 2 scrolls of silence
 W - a scroll of torment {unknown}
 Z - a scroll of identify
Potions
 g - 5 potions of curing
 l - a potion of ambrosia
 p - 3 potions of haste
 u - a potion of mutation {unknown}
 x - a potion of flight {unknown}
 z - 2 potions of attraction
 C - a potion of invisibility {unknown}
 D - a potion of might {unknown}
 F - a potion of lignification {unknown}
 Q - 5 potions of heal wounds
 R - 3 potions of degeneration {unknown}
Miscellaneous
 i - a piece from Xom's chessboard (15/15)


   Skills:
 - Level 8.0 Fighting
 + Level 9.4 Axes
 + Level 2.0 Armour
 + Level 2.5 Spellcasting
 + Level 7.0 Hexes
 - Level 10.0 Invocations
 - Level 2.0 Evocations


You had 10 spell levels left.
You knew the following spells:

 Your Spells              Type           Power      Damage    Failure   Level
a - Slow                  Hex            72%        N/A       1%          1
b - Tukima's Dance        Hex            18%        N/A       1%          3

Your spell library contained the following spells:

 Spells                   Type           Power      Damage    Failure   Level
 Sublimation of Blood     Necr           1%         N/A       17%         2
 Summon Mana Viper        Hex/Summ       9%         N/A       58%         5
 Petrify                  Tmut/Erth      1%         N/A       71%         4
 Summon Ice Beast         Ice/Summ       1%         N/A       71%         4
 Irradiate                Conj/Tmut      0%         3d11      96%         5
 Monstrous Menagerie      Summ           0%         N/A       100%        7


Dungeon Overview and Level Annotations

Branches:
Dungeon (9/15)             Temple (0/1) D:4           Sewer (visited)
   Lair: D:8-11         Orc: D:9-12

Altars:
Dithmenos
Qazlal
Ru
Wu Jian
Yredelemnul

Shops:
D:2 =   D:7 *

Annotations:
D:5 Duvessa
D:8 3 runed translucent doors, Lutefisk's ghost, novice VSBr
D:9 Pikel


Innate Abilities, Weirdness & Mutations

You are mostly covered in icy blue scales. (AC +3)
Spells you cast may paralyse nearby enemies.
Your touch may inflict minor irresistible damage on your foes.


Message History

You hit the cyclops.
You touch the cyclops!
The cyclops is moderately wounded.
Casting: Slow (safe; 1% risk of failure)
Confirm with . or Enter, or press ? or * to list all spells.
Aiming: Slow (safe; 1% risk of failure)
Press: ? - help, Shift-Dir - straight line, f/p - cyclops
Aim: a cyclops, quivering large rocks (moderately wounded, slow, chance to affect: 40%)
The cyclops resists with some effort.
Malevolent energies surge around you. The cyclops hits you!!
* * * LOW HITPOINT WARNING * * *
You feel protected from physical attacks.
Casting: Slow (safe; 1% risk of failure)
Confirm with . or Enter, or press ? or * to list all spells.
Aiming: Slow (safe; 1% risk of failure)
Press: ? - help, Shift-Dir - straight line, f/p - cyclops
Aim: a cyclops, quivering large rocks (moderately wounded, slow, chance to affect: 40%)
The cyclops resists with some effort.
Malevolent energies surge around you.
Casting: Slow (safe; 1% risk of failure)
Confirm with . or Enter, or press ? or * to list all spells.
Aiming: Slow (safe; 1% risk of failure)
Press: ? - help, Shift-Dir - straight line, f/p - cyclops
Aim: a cyclops, quivering large rocks (moderately wounded, slow, chance to affect: 40%)
The cyclops seems to slow down.
Malevolent energies surge around you.
Casting: Slow (safe; 1% risk of failure)
Confirm with . or Enter, or press ? or * to list all spells.
Aiming: Slow (safe; 1% risk of failure)
Press: ? - help, Shift-Dir - straight line, f/p - cyclops
Aim: a cyclops, quivering large rocks (moderately wounded, slow, chance to affect: 40%)
The cyclops resists with some effort.
Malevolent energies surge around you. You block the cyclops's attack.
You barely miss the cyclops.
The cyclops is moderately wounded.
Casting: Slow (safe; 1% risk of failure)
Confirm with . or Enter, or press ? or * to list all spells.
Aiming: Slow (safe; 1% risk of failure)
Press: ? - help, Shift-Dir - straight line, f/p - cyclops
Aim: a cyclops, quivering large rocks (moderately wounded, slow, chance to affect: 40%)
The cyclops seems to slow down.
Malevolent energies surge around you. The cyclops hits you!!
You die...

.......................H
....#. ...............
....# #...#.........#
....#####...#.........#
............#.........#
...#######..#.........#
..## #..#}........# ###
##.######°...#####
#.....@C.........
###############..


You could see a cyclops (slow).

Vanquished Creatures
  A centaur warrior (D:8)
  2 cyclopes
  Joseph (D:7)
  A meliai (D:8)
  A slime creature (D:8)
  Sigmund (D:5)
  2 wraiths (D:8)
  4 steam dragons
  Menkaure (D:4)
  A water moccasin (D:5)
  Pargi (Sewer)
  3 black bears
  An ice beast (D:8)
  3 orc warriors
  4 sky beasts (D:7)
  2 centaurs
  An ogre (D:5)
  2 lemures
  2 kobold brigands
  2 scorpions
  2 necrophages
  6 bullfrogs
  4 wights (D:6)
  Dowan (D:5)
  5 killer bees (D:9)
  A howler monkey (D:5)
  5 hounds
  Crazy Yiuf (D:4)
  4 orc priests
  2 orc wizards
  5 iguanas
  12 gnolls
  8 adders
  A river rat (D:3)
  3 shadow imps
  A white imp (D:7)
  3 ufetubi
  4 worms
  3 dart slugs
  23 orcs
  8 ball pythons
  5 bats
  6 endoplasms
  4 giant cockroaches
  8 goblins
  10 hobgoblins
  8 jackals
  2 quokkas
  3 frilled lizards
  18 kobolds
  5 rats
  A spectral orc (D:5)
208 creatures vanquished.

Vanquished Creatures (others)
  28 plants (D:9)
28 creatures vanquished.

Grand Total: 236 creatures vanquished

Notes
Turn   | Place    | Note
-------+----------+-------------------------------------------
     0 | D:1      | odiv the Demonspawn Wanderer began the quest for the Orb.
     0 | D:1      | odiv set off with the following items: a +2 hand axe, a
                  | piece from Xom's chessboard (15/15), a scroll of
                  | teleportation, a +0 leather armour; and the following spell
                  | memorised: Slow; and the following spells available to
                  | memorise: Tukima's Dance.
     0 | D:1      | Reached XP level 1. HP: 16/16 MP: 2/2
   169 | D:1      | Gained mutation: Spells you cast may paralyse adjacent
                  | enemies. [demonic ancestry]
   169 | D:1      | Reached XP level 2. HP: 18/22 MP: 1/3
   339 | D:1      | Found a faded altar of an unknown god.
   345 | D:1      | Prayed at the altar of an unknown god.
   345 | D:1      | Became a worshipper of Qazlal Stormbringer
   345 | D:1      | Reached * piety under Qazlal
   707 | D:1      | Gained mutation: Spells you cast may paralyse nearby
                  | enemies. [demonic ancestry]
   707 | D:1      | Reached XP level 3. HP: 27/27 MP: 2/4
  1195 | D:2      | Found Cyschue's Jewellery Boutique.
  1371 | D:2      | Reached ** piety under Qazlal
  1966 | D:3      | Gained mutation: You are partially covered in icy blue
                  | scales. (AC +2) [demonic ancestry]
  1966 | D:3      | Reached XP level 4. HP: 33/33 MP: 2/5
  1994 | D:3      | Reached skill level 1 in Invocations
  2093 | D:3      | Reached skill level 2 in Invocations
  2495 | D:3      | Found a glowing drain.
  2517 | D:3      | Reached XP level 5. HP: 38/38 MP: 0/6
  2530 | Sewer    | Entered a sewer
  2623 | Sewer    | Noticed Pargi
  2640 | Sewer    | Killed Pargi
  2641 | Sewer    | Reached skill level 4 in Invocations
  2845 | D:3      | Reached XP level 6. HP: 40/44 MP: 6/9
  2900 | D:3      | Reached *** piety under Qazlal
  3173 | D:4      | Noticed Menkaure
  3400 | D:4      | Found a staircase to the Ecumenical Temple.
  3480 | D:3      | Reached skill level 5 in Invocations
  3679 | D:3      | Gained mutation: Your touch may inflict minor irresistible
                  | damage on your foes. [demonic ancestry]
  3679 | D:3      | Reached XP level 7. HP: 45/52 MP: 8/11
  3982 | D:4      | Found a shadowy altar of Dithmenos.
  4250 | D:4      | Killed Menkaure
  4425 | D:4      | Found a runed translucent door.
  4426 | D:4      | Noticed Crazy Yiuf
  4431 | D:4      | Killed Crazy Yiuf
  4432 | D:4      | Reached skill level 6 in Invocations
  4483 | D:5      | Entered Level 5 of the Dungeon
  4493 | D:5      | Reached skill level 5 in Axes
  4522 | D:5      | Noticed Sigmund
  4566 | D:5      | Noticed Dowan
  4662 | D:5      | Noticed Duvessa
  4675 | D:4      | Reached XP level 8. HP: 46/61 MP: 9/13
  4679 | D:4      | Reached **** piety under Qazlal
  4686 | D:4      | Reached skill level 7 in Invocations
  4779 | D:5      | Killed Sigmund
  4780 | D:5      | Reached skill level 5 in Fighting
  4867 | D:5      | Killed Dowan
  4874 | D:5      | HP: 2/62 [Duvessa/+0 short sword (9)]
  5229 | D:5      | Reached skill level 8 in Invocations
  5272 | D:5      | Found a basalt altar of Yredelemnul.
  5676 | D:6      | Found a sacrificial altar of Ru.
  5919 | D:6      | Gained mutation: You are mostly covered in icy blue scales.
                  | (AC +3) [demonic ancestry]
  5919 | D:6      | Reached XP level 9. HP: 47/69 MP: 11/15
  6231 | D:7      | Found Vuthoshrui's General Store.
  6235 | D:7      | Bought a scroll of immolation for 56 gold pieces
  6235 | D:7      | Bought a scroll of noise for 14 gold pieces
  6291 | D:7      | Noticed Joseph
  6316 | D:7      | Killed Joseph
  6317 | D:7      | Reached skill level 9 in Invocations
  6888 | D:7      | Reached skill level 10 in Invocations
  6998 | D:7      | Reached ***** piety under Qazlal
  7591 | D:7      | Found an ornate altar of the Wu Jian Council.
  7794 | D:8      | Noticed a centaur warrior
  7795 | D:8      | Noticed a cyclops
  7909 | D:7      | Learned a level 3 spell: Tukima's Dance
  8126 | D:8      | Killed a centaur warrior
  8127 | D:8      | Reached skill level 5 in Hexes
  8127 | D:8      | Reached XP level 10. HP: 23/80 MP: 15/17
  8153 | D:8      | Noticed a cyclops
  8836 | D:8      | Killed a cyclops
  8948 | D:8      | Noticed a two-headed ogre
  8951 | D:8      | Noticed a cyclops
  9370 | D:9      | Noticed Pikel
 10288 | D:8      | Reached skill level 1 in Armour
 10588 | D:7      | Killed a cyclops
 10929 | D:8      | Found a runed translucent gate.
 10930 | D:8      | Found a runed translucent gate.
 10932 | D:8      | Found a runed translucent gate.
 10933 | D:8      | Noticed Lutefisk's ghost (novice VSBr)
 10956 | D:8      | Noticed a manticore
 11034 | D:8      | Slain by a cyclops

Illustrated notes

Levels and vault maps discovered:
D:1:      saegor_arrival_simple_a, layout_loops_ring,
          ebering_ecumenical_altar_rust
D:2:      layout_basic, serial_shops, shop, minmay_box_of_dots
D:3:      layout_rooms, portal_sewer_entry_b, dreamdust_wishing_well
D:4:      layout_loops_ring, lemuel_doored_altar, temple_hall,
          kennysheep_cross_room, grunt_decor_cap, uniq_menkaure,
          uniq_crazy_yiuf_cottage
D:5:      layout_cave_pools, yredelemnul_forgotten_temple_becter,
          grunt_decor_fettered, minivault_14, uniq_duvessa, uniq_sigmund
D:6:      layout_rooms, mainiacjoe_overflow_surrounded_room
D:7:      layout_basic, mainiacjoe_overflow_paths, serial_shops, shop,
          hangedman_misty_isle, uniq_joseph
D:8:      minmay_cut_squares, layout_rooms, gammafunk_ghost_necromancy,
          worms_lemuel
D:9:      kennysheep_housing_project, layout_loops_ring, lair_entry_dummy,
          serial_shops, kennysheep_mini_moat, uniq_pikel

Skill      XL: |  1  2  3  4  5  6  7  8  9 10 |
---------------+-------------------------------+-----
Axes           | 3 4 5 6 8 9 |  9.4
Hexes          | 3 4 5 7 |  7.0
Invocations    | 2 4 5 6 8 10 | 10.0
Fighting       | 3 4 6 8 |  8.0
Armour         | 2 |  2.0
Spellcasting   | 2 |  2.5
Evocations     | |  2.0

Action                   |  1- 3 |  4- 6 |  7- 9 | 10-12 || total
-------------------------+-------+-------+-------+-------++-------
Melee: Hand axe          |    66 |    65 |       |       ||   131
       Dagger            |    19 |    30 |       |       ||    49
       War axe           |       |    39 |   208 |   106 ||   353
       Punch             |       |     2 |     2 |     3 ||     7
       Touch             |       |       |    42 |    19 ||    61
Throw: Stone             |       |     7 |     5 |       ||    12
       Dart              |       |       |     4 |     2 ||     6
       Boomerang         |       |       |       |     2 ||     2
 Cast: Slow              |    34 |    52 |   122 |    91 ||   299
Evoke: Wand              |       |       |     1 |       ||     1
  Use: Scroll            |     2 |       |     8 |     4 ||    14
       Potion            |       |       |     4 |       ||     4
 Stab: Paralysed         |    27 |    60 |    67 |    40 ||   194
Armor: Leather armour    |    29 |    44 |    17 |    19 ||   109
       Robe              |       |       |    84 |    32 ||   116
Dodge: Dodged            |    32 |    65 |   134 |    60 ||   291
       Repelled          |       |       |       |     1 ||     1
Block: Other             |     4 |    13 |    61 |    38 ||   116
